Golden Knights vs Islanders

Created - January 29, 2024 at 21:59

Goals
1 2 3 T
Golden Knights 1 0 0 1
Islanders 0 2 0 2
Shots
1 2 3 T
Golden Knights 14 9 6 29
Islanders 8 14 6 28

GoalsPenalties
1st period
1. Golden Knights , Nathan MacKinnon 14 (Derek Grant 4, Adam Boqvist 13) at 16:07
Neal Pionk (NYI) for Tripping (Minor) at 5:23
Neal Pionk (NYI) for Hooking (Minor) at 9:50
Tanner Jeannot (NYI) for Fighting (Major) at 9:54
Marcus Foligno (VGK) for Fighting (Major) at 9:54
2nd period
2. Islanders , Pavel Buchnevich 11 (Neal Pionk 17, Michael Bunting 8) at 7:24
3. Islanders , Matt Duchene 18 (Shayne Gostisbehere 14) at 10:04 (PP)
Michael Bunting (NYI) for Holding (Minor) at 3:59
Kirby Dach (VGK) for Hooking (Minor) at 9:07
Derek Grant (VGK) for Tripping (Minor) at 10:53
3rd period
No Goal
No Penalty
Goalie Stats
Ilya Samsonov (VGK), 26 saves from 28 shots - (0.929), L, 17-16-7, 59:33 minutes
Ville Husso (NYI), 28 saves from 29 shots - (0.966), W, 20-10-2, 60:00 minutes
3 StarsOfficial
1 - Ville Husso (NYI)
2 - Pavel Buchnevich (NYI)
3 - Nathan MacKinnon (VGK)
Referees : Peter MacDougall and Ian Walsh
Linesman : Scott Driscoll and Steve Miller
Game Note
Tanner Jeannot and Marcus Foligno fight to a draw at 9:54 of 1st period
Finance
Level 1 -- Attendance: 5782 (96.37%) -- Ticket Income $693,840
Level 2 -- Attendance: 4005 (80.10%) -- Ticket Income $400,500
Level 3 -- Attendance: 2000 (100.00%) -- Ticket Income $180,000
Level 4 -- Attendance: 1577 (87.86%) -- Ticket Income $102,505
Luxury Box -- Attendance: 854 (85.40%) -- Ticket Income $192,150
Game was played at the Barclays Center.
Total Attendance: 14218 (90.02%)
Total Ticket Income: $1,568,995
Other Income: $392,249
Total Income: $1,961,244



Team Name Goals Shots Shots Attemp Shots Blocked PIM HIT PP PK FO%
Golden Knights 1294859220 / 3 (0%)147%
Islanders 228511011231 / 2 (50%)053%

Golden Knights
Player Name POS G A P +/- PIM HIT SHT SB MP PP MP PP SHT PK MP PK SHT FO% FOT
Adam BoqvistD0110012020:473:0311:4500% 0
Artemi PanarinLW000000006:010:0700:0000% 0
Derek GrantC0111212021:093:1200:00039% 23
Jack RoslovicC0000001011:420:0000:00050% 10
Jake EvansC0001024024:343:5212:10043% 7
Jakob ChychrunD0000051220:573:0301:4500% 0
Kirby DachC0000201017:350:0000:00050% 4
Marcus FolignoLW000-1531016:401:4910:0000% 1
Mark StoneRW000000001:001:0000:0000% 0
Mattias JanmarkC0000000013:580:0000:0000% 0
Miro HeiskanenD0000032125:052:5411:1100% 0
Nathan MacKinnonC1011004117:500:0000:0000% 0
Rafael Harvey-PinardLW0000011011:420:0000:0000% 1
T.J. OshieRW000-1014020:442:5322:1000% 1
Tomas HertlC000-1012019:202:5310:46157% 23
Travis HamonicD0000011114:080:0000:0000% 0
Vladislav NamestnikovC000001008:442:0400:46060% 5
Zach WerenskiD0000023025:052:5421:1100% 0
Islanders
Player Name POS G A P +/- PIM HIT SHT SB MP PP MP PP SHT PK MP PK SHT FO% FOT
Brent BurnsD000-1012224:361:4912:4000% 0
Chandler StephensonC0001002018:451:3401:55067% 21
Jake GuentzelLW000-1013017:411:2200:0500% 1
Jean-Gabriel PageauC0000021215:400:0004:02050% 16
Jon MarchessaultLW/RW000-1030017:481:3400:000100% 1
Jujhar KhairaLW0000000010:430:0001:5500% 0
Justin HollD0000010218:000:0002:3100% 0
Juuso ValimakiD0000000013:350:0000:0500% 0
Kevin RooneyC000001109:590:0001:11044% 9
Kyle PalmieriC0000002110:490:0000:00033% 3
Mason MarchmentLW0000042011:480:0000:0000% 1
Matt DucheneC101-1004017:361:2210:00052% 21
Michael BuntingLW0111201016:001:3400:0000% 1
Neal PionkD0111431119:161:0700:4100% 0
Pavel BuchnevichLW1011034015:491:2200:000100% 1
Shayne GostisbehereD0111003219:551:0713:1700% 0
Shea TheodoreD000-1041024:361:4912:4000% 0
Tanner JeannotLW0000501011:230:0002:4500% 0



Play-by-Play

1st period


0:01 of 1st period - Matt Duchene wins face-off versus Derek Grant in neutral zone.
0:40 of 1st period - Shot by Jake Guentzel.
0:40 of 1st period - Shot Misses the Net.
1:11 of 1st period - Icing by Shea Theodore.
1:12 of 1st period - Jon Marchessault wins face-off versus Jack Roslovic in Islanders zone.
2:12 of 1st period - Shot by Chandler Stephenson.
2:12 of 1st period - Shot Misses the Net.
2:24 of 1st period - Shot by Chandler Stephenson.
2:24 of 1st period - Shot Misses the Net.
2:26 of 1st period - Shot by Chandler Stephenson.
2:26 of 1st period - Stopped by Ilya Samsonov without a rebound.
2:27 of 1st period - Jean-Gabriel Pageau wins face-off versus Derek Grant in Golden Knights zone.
2:27 of 1st period - Justin Holl is hit by Zach Werenski and loses puck.
2:36 of 1st period - Shot by Mason Marchment.
2:36 of 1st period - Stopped by Ilya Samsonov with a rebound.
2:42 of 1st period - Shot by Kyle Palmieri.
2:42 of 1st period - Shot Misses the Net.
2:44 of 1st period - Shot by Jean-Gabriel Pageau.
2:44 of 1st period - Shot Blocked by Nathan MacKinnon.
4:01 of 1st period - Off-side.
4:02 of 1st period - Chandler Stephenson wins face-off versus Tomas Hertl in neutral zone.
4:44 of 1st period - Icing by Travis Hamonic.
4:45 of 1st period - Tomas Hertl wins face-off versus Jean-Gabriel Pageau in Golden Knights zone.
4:45 of 1st period - Tomas Hertl is hit by Mason Marchment.
4:57 of 1st period - Travis Hamonic is hit by Mason Marchment and loses puck.
5:15 of 1st period - Off-side.
5:16 of 1st period - Derek Grant wins face-off versus Kevin Rooney in neutral zone.
5:20 of 1st period - Off-side.
5:21 of 1st period - Jack Roslovic wins face-off versus Chandler Stephenson in neutral zone.
5:23 of 1st period - Minor Penalty to Neal Pionk for Tripping.
5:24 of 1st period - Jean-Gabriel Pageau wins face-off versus Derek Grant in Islanders zone.
5:24 of 1st period - Jean-Gabriel Pageau is hit by Jake Evans.
6:22 of 1st period - Shot by Adam Boqvist.
6:22 of 1st period - Shot Misses the Net.
6:24 of 1st period - Shot by Marcus Foligno.
6:24 of 1st period - Stopped by Ville Husso without a rebound.
6:25 of 1st period - Chandler Stephenson wins face-off versus Tomas Hertl in Islanders zone.
6:47 of 1st period - Shot by T.J. Oshie.
6:47 of 1st period - Stopped by Ville Husso with a rebound.
6:55 of 1st period - Shot by Adam Boqvist.
6:55 of 1st period - Shot Hit the Post.
6:59 of 1st period - Shot by Adam Boqvist.
6:59 of 1st period - Stopped by Ville Husso without a rebound.
7:00 of 1st period - Vladislav Namestnikov wins face-off versus Jean-Gabriel Pageau in Islanders zone.
7:32 of 1st period - Mattias Janmark is hit by Jon Marchessault and loses puck.
7:39 of 1st period - Shot by Matt Duchene.
7:39 of 1st period - Stopped by Ilya Samsonov without a rebound.
7:40 of 1st period - Tomas Hertl wins face-off versus Chandler Stephenson in Golden Knights zone.
8:23 of 1st period - Jakob Chychrun is hit by Shea Theodore.
8:40 of 1st period - Shot by Nathan MacKinnon.
8:40 of 1st period - Shot Blocked by Brent Burns.
8:42 of 1st period - Shot by Miro Heiskanen.
8:42 of 1st period - Stopped by Ville Husso with a rebound.
9:50 of 1st period - Minor Penalty to Neal Pionk for Hooking.
9:51 of 1st period - Jean-Gabriel Pageau wins face-off versus Tomas Hertl in Islanders zone.
9:51 of 1st period - Jean-Gabriel Pageau is hit by Marcus Foligno.
9:54 of 1st period - Tanner Jeannot and Marcus Foligno fight to a draw.
9:54 of 1st period - Penalty to Tanner Jeannot for Fighting.
9:54 of 1st period - Penalty to Marcus Foligno for Fighting.
9:55 of 1st period - Jean-Gabriel Pageau wins face-off versus T.J. Oshie in neutral zone.
10:07 of 1st period - Jakob Chychrun is hit by Kevin Rooney and loses puck.
10:11 of 1st period - Jake Evans is hit by Justin Holl and loses puck.
10:16 of 1st period - Shot by Adam Boqvist.
10:16 of 1st period - Shot Blocked by Jean-Gabriel Pageau.
10:24 of 1st period - Shot by T.J. Oshie.
10:24 of 1st period - Stopped by Ville Husso without a rebound.
10:25 of 1st period - Jean-Gabriel Pageau wins face-off versus Vladislav Namestnikov in Islanders zone.
10:33 of 1st period - Off-side.
10:34 of 1st period - Tomas Hertl wins face-off versus Jean-Gabriel Pageau in neutral zone.
10:39 of 1st period - Shot by Tomas Hertl.
10:39 of 1st period - Shot Blocked by Shayne Gostisbehere.
10:41 of 1st period - Shot by Tomas Hertl.
10:41 of 1st period - Stopped by Ville Husso without a rebound.
10:42 of 1st period - Tomas Hertl wins face-off versus Jean-Gabriel Pageau in Islanders zone.
10:50 of 1st period - Jake Evans is hit by Shea Theodore and loses puck.
10:55 of 1st period - Shot by Miro Heiskanen.
10:55 of 1st period - Stopped by Ville Husso with a rebound.
10:57 of 1st period - Shot by Zach Werenski.
10:57 of 1st period - Stopped by Ville Husso with a rebound.
10:59 of 1st period - Shot by Jake Evans.
10:59 of 1st period - Stopped by Ville Husso without a rebound.
11:00 of 1st period - Derek Grant wins face-off versus Chandler Stephenson in Islanders zone.
11:11 of 1st period - Shot by Jakob Chychrun.
11:11 of 1st period - Shot Blocked by Justin Holl.
11:47 of 1st period - Shayne Gostisbehere is hit by Miro Heiskanen and loses puck.
11:51 of 1st period - Icing by Miro Heiskanen.
11:52 of 1st period - Matt Duchene wins face-off versus Jack Roslovic in Golden Knights zone.
11:53 of 1st period - Shot by Jake Guentzel.
11:53 of 1st period - Stopped by Ilya Samsonov with a rebound.
12:20 of 1st period - Shot by Rafael Harvey-Pinard.
12:20 of 1st period - Stopped by Ville Husso without a rebound.
12:21 of 1st period - Tomas Hertl wins face-off versus Mason Marchment in Islanders zone.
12:28 of 1st period - Shot by T.J. Oshie.
12:28 of 1st period - Stopped by Ville Husso without a rebound.
12:29 of 1st period - Tomas Hertl wins face-off versus Kyle Palmieri in Islanders zone.
12:54 of 1st period - Shot by Jean-Gabriel Pageau.
12:54 of 1st period - Shot Blocked by Miro Heiskanen.
12:56 of 1st period - Shot by Jean-Gabriel Pageau.
12:56 of 1st period - Deflect By Mason Marchment.
12:56 of 1st period - Stopped by Ilya Samsonov without a rebound.
12:57 of 1st period - Matt Duchene wins face-off versus Kirby Dach in Golden Knights zone.
12:57 of 1st period - Matt Duchene is hit by Jakob Chychrun.
12:59 of 1st period - Shot by Jon Marchessault.
12:59 of 1st period - Deflect By Jake Guentzel.
12:59 of 1st period - Shot Misses the Net.
13:05 of 1st period - Adam Boqvist is hit by Jon Marchessault and loses puck.
13:12 of 1st period - Shot by Adam Boqvist.
13:12 of 1st period - Deflect By Kirby Dach.
13:12 of 1st period - Shot Misses the Net.
13:30 of 1st period - Shot by Jon Marchessault.
13:30 of 1st period - Shot Blocked by Jakob Chychrun.
13:33 of 1st period - Icing by Jakob Chychrun.
13:34 of 1st period - Kirby Dach wins face-off versus Kevin Rooney in Golden Knights zone.
14:06 of 1st period - Icing by Neal Pionk.
14:07 of 1st period - Kevin Rooney wins face-off versus Derek Grant in Islanders zone.
14:37 of 1st period - Off-side.
14:38 of 1st period - Tomas Hertl wins face-off versus Matt Duchene in neutral zone.
14:51 of 1st period - Shot by Tomas Hertl.
14:51 of 1st period - Deflect By T.J. Oshie.
14:51 of 1st period - Stopped by Ville Husso without a rebound.
14:52 of 1st period - Chandler Stephenson wins face-off versus Rafael Harvey-Pinard in Islanders zone.
14:52 of 1st period - Chandler Stephenson is hit by Rafael Harvey-Pinard.
15:49 of 1st period - Shot by Nathan MacKinnon.
15:49 of 1st period - Deflect By Derek Grant.
15:49 of 1st period - Stopped by Ville Husso without a rebound.
15:50 of 1st period - Matt Duchene wins face-off versus Tomas Hertl in Islanders zone.
15:50 of 1st period - Brent Burns is hit by T.J. Oshie and loses puck.
15:54 of 1st period - Icing by Jake Guentzel.
15:55 of 1st period - Derek Grant wins face-off versus Matt Duchene in Islanders zone.
15:55 of 1st period - Derek Grant is hit by Brent Burns.
16:07 of 1st period - Shot by Nathan MacKinnon.
16:07 of 1st period - Goal by Nathan MacKinnon - Golden Knights : 1 - Islanders : 0.
16:08 of 1st period - Tomas Hertl wins face-off versus Jean-Gabriel Pageau in neutral zone.
16:22 of 1st period - Shot by Shayne Gostisbehere.
16:22 of 1st period - Stopped by Ilya Samsonov without a rebound.
16:23 of 1st period - Derek Grant wins face-off versus Matt Duchene in Golden Knights zone.
16:58 of 1st period - Off-side.
16:59 of 1st period - Tomas Hertl wins face-off versus Kyle Palmieri in neutral zone.
17:08 of 1st period - Marcus Foligno is hit by Mason Marchment and loses puck.
17:21 of 1st period - Justin Holl is hit by Marcus Foligno and loses puck.
17:36 of 1st period - Shot by Mason Marchment.
17:36 of 1st period - Deflect By Kyle Palmieri.
17:36 of 1st period - Stopped by Ilya Samsonov without a rebound.
17:37 of 1st period - Jake Evans wins face-off versus Matt Duchene in Golden Knights zone.
18:11 of 1st period - Icing by Miro Heiskanen.
18:12 of 1st period - Pavel Buchnevich wins face-off versus Derek Grant in Golden Knights zone.
18:21 of 1st period - Shot by Neal Pionk.
18:21 of 1st period - Stopped by Ilya Samsonov without a rebound.
18:22 of 1st period - Tomas Hertl wins face-off versus Kevin Rooney in Golden Knights zone.
18:35 of 1st period - Icing by Shayne Gostisbehere.
18:36 of 1st period - Kevin Rooney wins face-off versus Jack Roslovic in Islanders zone.
18:50 of 1st period - Jack Roslovic is hit by Neal Pionk and loses puck.
19:11 of 1st period - Shot by Rafael Harvey-Pinard.
19:11 of 1st period - Shot Blocked by Shayne Gostisbehere.
Goals for this period are 1 for Golden Knights vs 0 for Islanders.
Shots for this period are 14 for Golden Knights vs 8 for Islanders.

2nd period


0:01 of 2nd period - Matt Duchene wins face-off versus Derek Grant in neutral zone.
0:04 of 2nd period - Zach Werenski is hit by Jon Marchessault and loses puck.
1:44 of 2nd period - Shot by Michael Bunting.
1:44 of 2nd period - Deflect By Pavel Buchnevich.
1:44 of 2nd period - Stopped by Ilya Samsonov without a rebound.
1:45 of 2nd period - Kirby Dach wins face-off versus Jean-Gabriel Pageau in Golden Knights zone.
2:52 of 2nd period - Shot by Kevin Rooney.
2:52 of 2nd period - Stopped by Ilya Samsonov with a rebound.
2:54 of 2nd period - Shot by Jujhar Khaira.
2:54 of 2nd period - Shot Misses the Net.
2:56 of 2nd period - Shot by Tanner Jeannot.
2:56 of 2nd period - Stopped by Ilya Samsonov with a rebound.
3:43 of 2nd period - Brent Burns is hit by Jake Evans.
3:44 of 2nd period - Icing by Brent Burns.
3:45 of 2nd period - Chandler Stephenson wins face-off versus Tomas Hertl in Islanders zone.
3:55 of 2nd period - Marcus Foligno is hit by Pavel Buchnevich and loses puck.
3:59 of 2nd period - Minor Penalty to Michael Bunting for Holding.
4:00 of 2nd period - Tomas Hertl wins face-off versus Jean-Gabriel Pageau in Islanders zone.
4:20 of 2nd period - Marcus Foligno is hit by Shea Theodore and loses puck.
4:23 of 2nd period - Shot by Marcus Foligno.
4:23 of 2nd period - Shot Misses the Net.
4:39 of 2nd period - Shot by Adam Boqvist.
4:39 of 2nd period - Shot Blocked by Jean-Gabriel Pageau.
4:41 of 2nd period - Shot by Tomas Hertl.
4:41 of 2nd period - Shot Misses the Net.
4:55 of 2nd period - Shot by Zach Werenski.
4:55 of 2nd period - Stopped by Ville Husso without a rebound.
4:56 of 2nd period - Chandler Stephenson wins face-off versus Derek Grant in Islanders zone.
6:16 of 2nd period - Shot by Jack Roslovic.
6:16 of 2nd period - Shot Blocked by Justin Holl.
7:24 of 2nd period - Shot by Pavel Buchnevich.
7:24 of 2nd period - Goal by Pavel Buchnevich - Golden Knights : 1 - Islanders : 1.
7:25 of 2nd period - Jean-Gabriel Pageau wins face-off versus Derek Grant in neutral zone.
7:57 of 2nd period - Shot by Shea Theodore.
7:57 of 2nd period - Shot Misses the Net.
8:02 of 2nd period - Nathan MacKinnon is hit by Jean-Gabriel Pageau and loses puck.
8:19 of 2nd period - Shot by Travis Hamonic.
8:19 of 2nd period - Stopped by Ville Husso without a rebound.
8:20 of 2nd period - Jack Roslovic wins face-off versus Jake Guentzel in Islanders zone.
8:58 of 2nd period - Shayne Gostisbehere is hit by Jakob Chychrun and loses puck.
9:07 of 2nd period - Minor Penalty to Kirby Dach for Hooking.
9:08 of 2nd period - Chandler Stephenson wins face-off versus Jake Evans in Golden Knights zone.
9:09 of 2nd period - Shot by Brent Burns.
9:09 of 2nd period - Stopped by Ilya Samsonov without a rebound.
9:10 of 2nd period - Jake Evans wins face-off versus Michael Bunting in Golden Knights zone.
9:59 of 2nd period - Adam Boqvist is hit by Jake Guentzel and loses puck.
10:04 of 2nd period - Shot by Matt Duchene.
10:04 of 2nd period - Goal by Matt Duchene - Golden Knights : 1 - Islanders : 2.
10:05 of 2nd period - Jean-Gabriel Pageau wins face-off versus Jack Roslovic in neutral zone.
10:10 of 2nd period - Shot by Jean-Gabriel Pageau.
10:10 of 2nd period - Shot Misses the Net.
10:53 of 2nd period - Minor Penalty to Derek Grant for Tripping.
10:54 of 2nd period - Matt Duchene wins face-off versus Jake Evans in Golden Knights zone.
10:54 of 2nd period - Shea Theodore is hit by Jakob Chychrun and loses puck.
11:25 of 2nd period - Matt Duchene is hit by Vladislav Namestnikov.
11:29 of 2nd period - Shot by Tomas Hertl.
11:29 of 2nd period - Stopped by Ville Husso without a rebound.
11:30 of 2nd period - Chandler Stephenson wins face-off versus Jake Evans in Islanders zone.
11:49 of 2nd period - Shot by Shayne Gostisbehere.
11:49 of 2nd period - Stopped by Ilya Samsonov without a rebound.
11:50 of 2nd period - Vladislav Namestnikov wins face-off versus Matt Duchene in Golden Knights zone.
11:59 of 2nd period - Zach Werenski is hit by Pavel Buchnevich and loses puck.
12:20 of 2nd period - Shot by Shea Theodore.
12:20 of 2nd period - Stopped by Ilya Samsonov without a rebound.
12:21 of 2nd period - Vladislav Namestnikov wins face-off versus Chandler Stephenson in Golden Knights zone.
12:51 of 2nd period - Jon Marchessault is hit by Tomas Hertl and loses puck.
13:06 of 2nd period - Shot by Mattias Janmark.
13:06 of 2nd period - Shot Blocked by Kyle Palmieri.
13:08 of 2nd period - Shot by Kirby Dach.
13:08 of 2nd period - Stopped by Ville Husso without a rebound.
13:09 of 2nd period - Derek Grant wins face-off versus Kevin Rooney in Islanders zone.
13:09 of 2nd period - Derek Grant is hit by Shea Theodore.
13:17 of 2nd period - Shot by Derek Grant.
13:17 of 2nd period - Shot Misses the Net.
13:19 of 2nd period - Shot by Zach Werenski.
13:19 of 2nd period - Stopped by Ville Husso without a rebound.
13:20 of 2nd period - Matt Duchene wins face-off versus Tomas Hertl in Islanders zone.
13:53 of 2nd period - Shot by Matt Duchene.
13:53 of 2nd period - Stopped by Ilya Samsonov without a rebound.
13:54 of 2nd period - Chandler Stephenson wins face-off versus Derek Grant in Golden Knights zone.
13:57 of 2nd period - Shot by Pavel Buchnevich.
13:57 of 2nd period - Stopped by Ilya Samsonov without a rebound.
13:58 of 2nd period - Jake Evans wins face-off versus Chandler Stephenson in Golden Knights zone.
14:03 of 2nd period - Shot by Jake Evans.
14:03 of 2nd period - Stopped by Ville Husso with a rebound.
14:13 of 2nd period - Shot by Jakob Chychrun.
14:13 of 2nd period - Stopped by Ville Husso with a rebound.
14:15 of 2nd period - Shot by Jake Evans.
14:15 of 2nd period - Stopped by Ville Husso without a rebound.
14:16 of 2nd period - Tomas Hertl wins face-off versus Matt Duchene in Islanders zone.
14:32 of 2nd period - Neal Pionk is hit by Miro Heiskanen and loses puck.
15:19 of 2nd period - Shot by Pavel Buchnevich.
15:19 of 2nd period - Stopped by Ilya Samsonov without a rebound.
15:20 of 2nd period - Chandler Stephenson wins face-off versus Derek Grant in Golden Knights zone.
16:21 of 2nd period - Shot by Jean-Gabriel Pageau.
16:21 of 2nd period - Shot Misses the Net.
16:35 of 2nd period - Shot by Jean-Gabriel Pageau.
16:35 of 2nd period - Shot Misses the Net.
18:00 of 2nd period - Matt Duchene is hit by Jakob Chychrun and loses puck.
18:26 of 2nd period - Off-side.
18:27 of 2nd period - Jack Roslovic wins face-off versus Chandler Stephenson in neutral zone.
18:56 of 2nd period - Shot by Michael Bunting.
18:56 of 2nd period - Stopped by Ilya Samsonov with a rebound.
19:08 of 2nd period - Shot by Michael Bunting.
19:08 of 2nd period - Shot Misses the Net.
19:10 of 2nd period - Shot by Brent Burns.
19:10 of 2nd period - Stopped by Ilya Samsonov without a rebound.
19:11 of 2nd period - Matt Duchene wins face-off versus Marcus Foligno in Golden Knights zone.
19:11 of 2nd period - Shayne Gostisbehere is hit by Zach Werenski and loses puck.
19:22 of 2nd period - Shot by Jake Guentzel.
19:22 of 2nd period - Stopped by Ilya Samsonov without a rebound.
19:23 of 2nd period - Kevin Rooney wins face-off versus Jake Evans in Golden Knights zone.
19:35 of 2nd period - Nathan MacKinnon is hit by Neal Pionk.
19:40 of 2nd period - Nathan MacKinnon is hit by Neal Pionk and loses puck.
19:57 of 2nd period - Shot by Jake Evans.
19:57 of 2nd period - Stopped by Ville Husso without a rebound.
19:58 of 2nd period - Chandler Stephenson wins face-off versus Tomas Hertl in Islanders zone.
Goals for this period are 0 for Golden Knights vs 2 for Islanders.
Shots for this period are 9 for Golden Knights vs 14 for Islanders.

3rd period


0:01 of 3rd period - Derek Grant wins face-off versus Matt Duchene in neutral zone.
0:17 of 3rd period - Icing by Jon Marchessault.
0:18 of 3rd period - Tomas Hertl wins face-off versus Matt Duchene in Islanders zone.
2:34 of 3rd period - Shot by Shayne Gostisbehere.
2:34 of 3rd period - Shot Misses the Net.
2:42 of 3rd period - Shot by Shayne Gostisbehere.
2:42 of 3rd period - Shot Misses the Net.
2:48 of 3rd period - Shot by Mason Marchment.
2:48 of 3rd period - Shot Misses the Net.
2:50 of 3rd period - Shot by Mason Marchment.
2:50 of 3rd period - Shot Misses the Net.
2:52 of 3rd period - Shot by Shayne Gostisbehere.
2:52 of 3rd period - Shot Blocked by Travis Hamonic.
4:18 of 3rd period - Shot by Miro Heiskanen.
4:18 of 3rd period - Shot Blocked by Brent Burns.
4:48 of 3rd period - Derek Grant is hit by Pavel Buchnevich and loses puck.
5:00 of 3rd period - Shot by Nathan MacKinnon.
5:00 of 3rd period - Shot Blocked by Neal Pionk.
6:24 of 3rd period - Shot by Matt Duchene.
6:24 of 3rd period - Shot Misses the Net.
7:24 of 3rd period - Brent Burns is hit by Adam Boqvist.
9:40 of 3rd period - Shot by Jake Guentzel.
9:40 of 3rd period - Stopped by Ilya Samsonov with a rebound.
9:42 of 3rd period - Shot by Shayne Gostisbehere.
9:42 of 3rd period - Stopped by Ilya Samsonov without a rebound.
9:43 of 3rd period - Jack Roslovic wins face-off versus Kevin Rooney in Golden Knights zone.
10:33 of 3rd period - Shot by Nathan MacKinnon.
10:33 of 3rd period - Stopped by Ville Husso with a rebound.
10:35 of 3rd period - Shot by Mattias Janmark.
10:35 of 3rd period - Shot Misses the Net.
10:37 of 3rd period - Shot by Derek Grant.
10:37 of 3rd period - Stopped by Ville Husso without a rebound.
10:38 of 3rd period - Matt Duchene wins face-off versus Tomas Hertl in Islanders zone.
10:55 of 3rd period - Shot by Adam Boqvist.
10:55 of 3rd period - Stopped by Ville Husso without a rebound.
10:56 of 3rd period - Derek Grant wins face-off versus Chandler Stephenson in Islanders zone.
11:02 of 3rd period - Icing by Brent Burns.
11:03 of 3rd period - Chandler Stephenson wins face-off versus Derek Grant in Islanders zone.
11:11 of 3rd period - Off-side.
11:12 of 3rd period - Derek Grant wins face-off versus Matt Duchene in neutral zone.
11:15 of 3rd period - Jon Marchessault is hit by Derek Grant and loses puck.
11:55 of 3rd period - Shot by Jake Guentzel.
11:55 of 3rd period - Shot Misses the Net.
11:57 of 3rd period - Shot by Matt Duchene.
11:57 of 3rd period - Shot Misses the Net.
12:16 of 3rd period - Off-side.
12:17 of 3rd period - Jean-Gabriel Pageau wins face-off versus Tomas Hertl in neutral zone.
12:17 of 3rd period - Jean-Gabriel Pageau is hit by Marcus Foligno.
12:21 of 3rd period - Tomas Hertl is hit by Jean-Gabriel Pageau and loses puck.
12:56 of 3rd period - Tomas Hertl is hit by Mason Marchment and loses puck.
13:13 of 3rd period - Shot by Chandler Stephenson.
13:13 of 3rd period - Shot Blocked by Jakob Chychrun.
13:22 of 3rd period - Pavel Buchnevich is hit by Jakob Chychrun and loses puck.
14:26 of 3rd period - Shot by Nathan MacKinnon.
14:26 of 3rd period - Shot Misses the Net.
14:28 of 3rd period - Shot by Nathan MacKinnon.
14:28 of 3rd period - Stopped by Ville Husso without a rebound.
14:29 of 3rd period - Kevin Rooney wins face-off versus Jack Roslovic in Islanders zone.
14:52 of 3rd period - Shot by Jack Roslovic.
14:52 of 3rd period - Stopped by Ville Husso with a rebound.
15:30 of 3rd period - Shot by Matt Duchene.
15:30 of 3rd period - Stopped by Ilya Samsonov without a rebound.
15:31 of 3rd period - Derek Grant wins face-off versus Jean-Gabriel Pageau in Golden Knights zone.
15:54 of 3rd period - Shot by Jean-Gabriel Pageau.
15:54 of 3rd period - Stopped by Ilya Samsonov without a rebound.
15:55 of 3rd period - Matt Duchene wins face-off versus Kirby Dach in Golden Knights zone.
16:14 of 3rd period - Icing by Zach Werenski.
16:15 of 3rd period - Chandler Stephenson wins face-off versus Vladislav Namestnikov in Golden Knights zone.
17:57 of 3rd period - Icing by Mattias Janmark.
17:58 of 3rd period - Kyle Palmieri wins face-off versus Tomas Hertl in Golden Knights zone.
17:58 of 3rd period - Kyle Palmieri is hit by Travis Hamonic.
18:04 of 3rd period - Shot by Mason Marchment.
18:04 of 3rd period - Deflect By Kyle Palmieri.
18:04 of 3rd period - Stopped by Ilya Samsonov with a rebound.
18:11 of 3rd period - Off-side.
18:12 of 3rd period - Jack Roslovic wins face-off versus Matt Duchene in neutral zone.
19:02 of 3rd period - Icing by Justin Holl.
19:03 of 3rd period - Matt Duchene wins face-off versus Derek Grant in Islanders zone.
19:18 of 3rd period - Shot by Chandler Stephenson.
19:18 of 3rd period - Stopped by Ilya Samsonov without a rebound.
19:19 of 3rd period - Chandler Stephenson wins face-off versus Derek Grant in Golden Knights zone.
19:19 of 3rd period - Brent Burns is hit by Miro Heiskanen and loses puck.
19:33 of 3rd period - Golden Knights, Ilya Samsonov is pulled from the net.
19:37 of 3rd period - Shot by Nathan MacKinnon.
19:37 of 3rd period - Shot Misses the Net.
19:49 of 3rd period - Shot by Nathan MacKinnon.
19:49 of 3rd period - Stopped by Ville Husso without a rebound.
19:50 of 3rd period - Chandler Stephenson wins face-off versus Derek Grant in Islanders zone.
Goals for this period are 0 for Golden Knights vs 0 for Islanders.
Shots for this period are 6 for Golden Knights vs 6 for Islanders.